Chicago Wolves vs Texas Stars

Created - 17 décembre 2019 at 16:35

Goals
1 2 3 T
Chicago Wolves 1 0 1 2
Texas Stars 1 2 2 5
Shots
1 2 3 T
Chicago Wolves 17 5 10 32
Texas Stars 11 12 13 36

1st period

1. Chicago Wolves , Patrick Brown 4 (Hudson Fasching 22) at 12:57
2. Texas Stars , Josh Currie 11 (Luke Johnson 15, Luke Witkowski 12) at 19:17

Penalties :
Ryan Murphy (STA) for Fighting (Major) at 2:06, Mitchell Stephens (WOL) for Fighting (Major) at 2:06, Cal Foote (STA) for Diving (Minor) at 19:40

2nd period

3. Texas Stars , Josh Currie 12 (Luke Johnson 16) at 7:21 (PP)
4. Texas Stars , Colin Blackwell 14 (Cal Foote 19, Connor Brickley 15) at 18:12 (PP)

Penalties :
Cavan Fitzgerald (WOL) for Holding (Minor) at 6:58, Doyle Somerby (WOL) for Slashing (Double Minor) at 10:53, Mitchell Stephens (WOL) for Holding (Minor) at 17:59, Ian McCoshen (WOL) for Hooking (Minor) at 18:15

3rd period

5. Texas Stars , Joseph Cramarossa 2 (Juuso Riikola 11) at 11:26
6. Chicago Wolves , Mitchell Stephens 15 (Wayne Simpson 19, Hudson Fasching 23) at 13:05
7. Texas Stars , Connor Brickley 11 (Colin Blackwell 12) at 14:35 (PP)

Penalties :
Cal Foote (STA) for Fighting (Major) at 4:18, Adam Helewka (WOL) for Fighting (Major) at 4:18, Cal Foote (STA) for instigated a fight (Minor) at 4:18, Cal Foote (STA) for instigated and being the aggresor in a fight (20 Minutes Game Misconduct) at 4:18, Connor Brickley (STA) for Tripping (Minor) at 8:08, Lawrence Pilut (WOL) for Roughing (Minor) at 14:33, Tobias Lindberg (STA) for Hooking (Minor) at 18:01

Goalie Stats

Michael McNiven (WOL), 31 saves from 36 shots - (0,861), L, 15-10-3, 60:00 minutes
Malcolm Subban (STA), 30 saves from 32 shots - (0,938), W, 13-9-2, 60:00 minutes

Players Stats for Chicago Wolves

Player Name              G  A  P  +/- PIM S  H  SB GA TA FO     MP     PP MP  PK MP  
------------------------------------------------------------------------------------
Aaron Ness               0  0  0   0  0   0  0  0  0  0  0/0    14:08   0:29   0:44 
Adam Helewka             0  0  0   1  5   7  0  0  0  1  0/0    18:02   2:33   3:16 
Adam Johnson             0  0  0   0  0   3  2  0  0  2  2/2    15:04   1:01   1:46 
C.J. Smith               0  0  0  -1  0   0  1  0  1  0  0/0    17:32   3:10   0:00 
Calle Rosen              0  0  0   0  0   0  0  0  0  0  0/0    18:49   3:43   2:21 
Cavan Fitzgerald         0  0  0   0  2   0  1  0  0  0  0/0     6:10   0:29   0:44 
Doyle Somerby            0  0  0   0  4   1  0  0  0  0  0/0    14:35   0:00   1:11 
Hudson Fasching          0  2  2   1  0   3  2  0  1  0  1/8    24:37   4:12   3:17 
Ian McCoshen             0  0  0   0  2   3  1  2  0  1  0/0    24:11   3:43   2:20 
Joel L'Esperance         0  0  0   0  0   0  0  0  0  0  0/0    11:45   0:00   0:00 
Lawrence Pilut           0  0  0   0  2   1  0  1  0  0  0/0    18:48   3:43   2:21 
Mikhail Vorobyev         0  0  0   0  0   2  0  0  0  0  0/0     5:15   1:45   0:00 
Mitchell Stephens        1  0  1  -1  7   4  1  0  0  0  4/7    17:34   3:08   1:31 
Morgan Klimchuk          0  0  0   0  0   1  0  0  0  0  0/0     6:24   0:00   0:00 
Patrick Brown            1  0  1   1  0   3  1  0  1  0  15/26  18:20   4:12   1:31 
Philippe Myers           0  0  0   0  0   1  1  2  0  0  0/0    23:24   3:43   3:31 
Saku Maenalanen          0  0  0   0  0   1  2  0  1  0  0/0    12:10   0:21   0:00 
Travis Morin             0  0  0   0  0   1  0  0  0  0  4/4     8:50   0:01   1:51 
Wayne Simpson            0  1  1  -1  0   1  0  1  0  0  0/2    17:38   3:22   0:00 

Players Stats for Texas Stars

Player Name              G  A  P  +/- PIM S  H  SB GA TA FO     MP     PP MP  PK MP  
------------------------------------------------------------------------------------
Brad Hunt                0  0  0  -1  0   3  0  0  0  0  0/0    15:51   0:36   0:00 
Cal Foote                0  1  1   0  29  1  2  2  0  0  0/0    17:21   3:57   0:00 
Cale Fleury              0  0  0   1  0   1  2  1  0  0  0/0    19:24   2:03   0:45 
Colin Blackwell          1  1  2   0  0   5  2  0  0  0  17/28  21:54   3:04   4:27 
Connor Brickley          1  1  2   0  2   2  0  0  2  0  0/1    19:11   3:00   1:44 
Danick Martel            0  0  0   1  0   3  1  0  0  0  0/1     9:36   0:06   0:00 
Derrick Pouliot          0  0  0  -1  0   3  1  5  0  1  0/0    26:28   3:59   4:46 
Joseph Cramarossa        1  0  1   1  0   3  1  0  0  0  0/2     9:45   0:15   0:00 
Josh Currie              2  0  2   1  0   3  0  0  1  0  0/1    16:44   2:22   2:21 
Joshua Jacobs            0  0  0   0  0   1  0  1  0  1  0/0    16:33   0:34   4:01 
Juuso Riikola            0  1  1   1  0   1  0  1  0  1  0/0    20:37   2:03   3:09 
Luke Johnson             0  2  2   1  0   2  2  1  0  0  3/9    18:33   2:21   4:29 
Luke Witkowski           0  1  1   1  0   0  0  0  0  0  1/2    14:18   2:22   0:00 
Michael Dal Colle        0  0  0  -2  0   2  2  0  0  0  0/0    11:20   0:59   0:09 
Phil Varone              0  0  0  -2  0   3  1  0  1  0  2/5    12:35   1:09   1:05 
Ryan Murphy              0  0  0   0  5   0  0  1  0  1  0/0    19:52   3:07   3:09 
Spencer Smallman         0  0  0   1  0   1  2  0  0  0  0/0     9:42   0:12   0:00 
Tobias Lindberg          0  0  0  -2  2   2  2  0  0  0  0/0    12:53   0:51   2:12 

3 Stars

1 - Josh Currie (STA)
2 - Colin Blackwell (STA)
3 - Luke Johnson (STA)

Power Play

Chicago Wolves - 0 on 4 Attempt(s) - 0,00%
Texas Stars - 3 on 7 Attempt(s) - 42,86%

Penalty Kill

Chicago Wolves - 4 on 7 Attempt(s) - 57,14% - Score 0 goal in Penalty Kill
Texas Stars - 4 on 4 Attempt(s) - 100,00% - Score 0 goal in Penalty Kill

Team Stat

Chicago Wolves - Hits : 12 - Faceoff Wins : 26 - Blocked Shots : 6 - Penalty Minutes : 22
Texas Stars - Hits : 18 - Faceoff Wins : 23 - Blocked Shots : 12 - Penalty Minutes : 38

Official

Referees : Steve Kozari and Dan O'Halloran
Linesman : Brian Mach and Steve Barton

Game Notes

1:27 of 1st period - Penalty Shot by Hudson Fasching for Chicago Wolves - Stopped by Malcolm Subban
Ryan Murphy and Mitchell Stephens fight to a draw at 2:06 of 1st period
Cal Foote beats up Adam Helewka at 4:18 of 3rd period
Cal Foote ejected from game at 4:18 of 3rd period

Finance

Level 1 -- Attendance: 1425 (71,25%) -- Ticket Income 49 875 $
Level 2 -- Attendance: 761 (76,10%) -- Ticket Income 11 415 $
Total Attendance: 2186 (72,87%)
Total Ticket Income: 61 290 $
Other Income: 30 032 $
Total Income: 91 322 $

Chicago Wolves

5 vs 5 Forward 
   Center                   Left Wing                Right Wing               Time % Phy DF OF 
 1 Patrick Brown            Adam Helewka             Hudson Fasching          40     1   2  2  
 2 Mitchell Stephens        C.J. Smith               Wayne Simpson            30     1   2  2  
 3 Adam Johnson             Saku Maenalanen          Joel L'Esperance         20     1   2  2  
 4 Travis Morin             Morgan Klimchuk          Hudson Fasching          10     1   2  2  

5 vs 5 Defense 
   Defense                  Defense                                           Time % Phy DF OF 
 1 Ian McCoshen             Philippe Myers                                    40     1   2  2  
 2 Calle Rosen              Lawrence Pilut                                    30     1   2  2  
 3 Aaron Ness               Doyle Somerby                                     20     1   2  2  
 4 Cavan Fitzgerald         Ian McCoshen                                      10     1   2  2  

PowerPlay Forward 
   Center                   Left Wing                Right Wing               Time % Phy DF OF 
 1 Patrick Brown            Adam Helewka             Hudson Fasching          60     1   2  2  
 2 Mitchell Stephens        C.J. Smith               Wayne Simpson            40     1   2  2  

PowerPlay Defense
   Defense                  Defense                                           Time % Phy DF OF 
 1 Ian McCoshen             Philippe Myers                                    60     1   2  2  
 2 Calle Rosen              Lawrence Pilut                                    40     1   2  2  

Penalty Kill 4 Players Forward 
   Center                   Wing                     Time % Phy DF OF 
 1 Hudson Fasching          Adam Helewka             60     1   2  2  
 2 Patrick Brown            Mitchell Stephens        40     1   2  2  

Penalty Kill 4 Players Defense
   Defense                  Defense                  Time % Phy DF OF 
 1 Ian McCoshen             Philippe Myers           60     1   2  2  
 2 Calle Rosen              Lawrence Pilut           40     1   2  2  

Penalty Kill - 3 Players Forward 
   Forward                                           Time % Phy DF OF 
 1 Hudson Fasching                                   60     1   2  2  
 2 Adam Helewka                                      40     1   2  2  

Penalty Kill - 3 Players Defense
   Defense                  Defense                  Time % Phy DF OF 
 1 Ian McCoshen             Philippe Myers           60     1   2  2  
 2 Calle Rosen              Lawrence Pilut           40     1   2  2  

4 vs 4 Forward 
   Center                   Wing                     Time % Phy DF OF 
 1 Hudson Fasching          Adam Helewka             60     1   2  2  
 2 Patrick Brown            Mitchell Stephens        40     1   2  2  

4 vs 4 Defense
   Defense                  Defense                  Time % Phy DF OF 
 1 Ian McCoshen             Philippe Myers           60     1   2  2  
 2 Calle Rosen              Lawrence Pilut           40     1   2  2  

Last Minutes Offensive
   Center                   Left Wing                Right Wing               Defense                  Defense                  
   Patrick Brown            Adam Helewka             Hudson Fasching          Ian McCoshen             Philippe Myers           

Last Minutes Defensive
   Center                   Left Wing                Right Wing               Defense                  Defense                  
   Patrick Brown            Adam Helewka             Hudson Fasching          Ian McCoshen             Philippe Myers           

Goaltenders
Starting : Michael McNiven          
Backup : Dan Vladar               

Extra Forwards
Normal : Mikhail Vorobyev, Adam Johnson, Travis Morin - PP : Mikhail Vorobyev, Adam Johnson - PK : Travis Morin
Extra Defensemen
Normal : Aaron Ness, Doyle Somerby, Cavan Fitzgerald - PP : Aaron Ness - PK : Doyle Somerby, Cavan Fitzgerald
Penalty Shots
Hudson Fasching, Adam Helewka, Patrick Brown, Mitchell Stephens, Wayne Simpson

Scratches
Ryan Lindgren (Healthy), Niklas Hansson (Healthy), Brent Pedersen (Healthy), Andrew Oglevie (Healthy), Matt Finn (Healthy)

Texas Stars

5 vs 5 Forward 
   Center                   Left Wing                Right Wing               Time % Phy DF OF 
 1 Colin Blackwell          Connor Brickley          Ryan Murphy              40     1   2  2  
 2 Luke Johnson             Luke Witkowski           Josh Currie              30     1   2  2  
 3 Phil Varone              Michael Dal Colle        Tobias Lindberg          20     1   2  2  
 4 Joseph Cramarossa        Danick Martel            Spencer Smallman         10     1   2  2  

5 vs 5 Defense 
   Defense                  Defense                                           Time % Phy DF OF 
 1 Derrick Pouliot          Cal Foote                                         40     1   2  2  
 2 Juuso Riikola            Cale Fleury                                       30     1   2  2  
 3 Brad Hunt                Joshua Jacobs                                     20     1   2  2  
 4 Derrick Pouliot          Cal Foote                                         10     1   2  2  

PowerPlay Forward 
   Center                   Left Wing                Right Wing               Time % Phy DF OF 
 1 Colin Blackwell          Connor Brickley          Ryan Murphy              60     1   2  2  
 2 Luke Johnson             Luke Witkowski           Josh Currie              40     1   2  2  

PowerPlay Defense
   Defense                  Defense                                           Time % Phy DF OF 
 1 Derrick Pouliot          Cal Foote                                         60     1   2  2  
 2 Juuso Riikola            Cale Fleury                                       40     1   2  2  

Penalty Kill 4 Players Forward 
   Center                   Wing                     Time % Phy DF OF 
 1 Colin Blackwell          Luke Johnson             60     1   2  2  
 2 Connor Brickley          Josh Currie              40     1   2  2  

Penalty Kill 4 Players Defense
   Defense                  Defense                  Time % Phy DF OF 
 1 Derrick Pouliot          Cal Foote                60     1   2  2  
 2 Juuso Riikola            Ryan Murphy              40     1   2  2  

Penalty Kill - 3 Players Forward 
   Forward                                           Time % Phy DF OF 
 1 Colin Blackwell                                   60     1   2  2  
 2 Luke Johnson                                      40     1   2  2  

Penalty Kill - 3 Players Defense
   Defense                  Defense                  Time % Phy DF OF 
 1 Derrick Pouliot          Cal Foote                60     1   2  2  
 2 Juuso Riikola            Ryan Murphy              40     1   2  2  

4 vs 4 Forward 
   Center                   Wing                     Time % Phy DF OF 
 1 Colin Blackwell          Luke Johnson             60     1   2  2  
 2 Connor Brickley          Josh Currie              40     1   2  2  

4 vs 4 Defense
   Defense                  Defense                  Time % Phy DF OF 
 1 Derrick Pouliot          Cal Foote                60     1   2  2  
 2 Juuso Riikola            Ryan Murphy              40     1   2  2  

Last Minutes Offensive
   Center                   Left Wing                Right Wing               Defense                  Defense                  
   Colin Blackwell          Connor Brickley          Ryan Murphy              Derrick Pouliot          Cal Foote                

Last Minutes Defensive
   Center                   Left Wing                Right Wing               Defense                  Defense                  
   Colin Blackwell          Connor Brickley          Ryan Murphy              Derrick Pouliot          Cal Foote                

Goaltenders
Starting : Malcolm Subban           
Backup : Nick Schneider           

Extra Forwards
Normal : Phil Varone, Michael Dal Colle, Tobias Lindberg - PP : Phil Varone, Michael Dal Colle - PK : Tobias Lindberg
Extra Defensemen
Normal : Brad Hunt, Joshua Jacobs, Cale Fleury - PP : Brad Hunt - PK : Joshua Jacobs, Cale Fleury
Penalty Shots
Ryan Murphy, Colin Blackwell, Luke Johnson, Connor Brickley, Josh Currie

Scratches
Alex Breton (Healthy), Ty Dellandrea (Healthy), Dustin Tokarski (Healthy), Richard Bachman (Healthy)

% Time on Ice - Chicago Wolves

Lines # - Real PCT - Wanted PCT - Time Play
Normal Forward
1 - 29% - 40% - 13:04
2 - 31% - 30% - 14:16
3 - 26% - 20% - 11:45
4 - 14% - 10% - 6:24
Normal Defense
1 - 36% - 40% - 16:10
2 - 28% - 30% - 12:45
3 - 28% - 20% - 12:55
4 - 8% - 10% - 3:39
PP Forward
1 - 60% - 60% - 4:47
2 - 40% - 40% - 3:08
PP Defense
1 - 53% - 60% - 4:12
2 - 47% - 40% - 3:43
PK Forward
1 - 77% - 60% - 5:05
2 - 23% - 40% - 1:31
PK Defense
1 - 64% - 60% - 4:15
2 - 36% - 40% - 2:21
PK3 Forward
1 - 0% - 60%
2 - 0% - 40%
PK3 Defense
1 - 0% - 60%
2 - 0% - 40%
44 Forward
1 - 0% - 60%
2 - 0% - 40%
44 Defense
1 - 0% - 60%
2 - 0% - 40%
Last Minute Offensive  - 0:00
Last Minute Defensive  - 0:00
Total
Forward - 60:00
Defense - 60:00

% Time on Ice - Texas Stars

Lines # - Real PCT - Wanted PCT - Time Play
Normal Forward
1 - 32% - 40% - 14:25
2 - 26% - 30% - 12:01
3 - 21% - 20% - 9:33
4 - 21% - 10% - 9:30
Normal Defense
1 - 38% - 40% - 17:18
2 - 34% - 30% - 15:25
3 - 26% - 20% - 11:49
4 - 2% - 10% - 0:57
PP Forward
1 - 64% - 60% - 4:15
2 - 36% - 40% - 2:21
PP Defense
1 - 69% - 60% - 4:33
2 - 31% - 40% - 2:03
PK Forward
1 - 70% - 60% - 5:34
2 - 30% - 40% - 2:21
PK Defense
1 - 60% - 60% - 4:46
2 - 40% - 40% - 3:09
PK3 Forward
1 - 0% - 60%
2 - 0% - 40%
PK3 Defense
1 - 0% - 60%
2 - 0% - 40%
44 Forward
1 - 0% - 60%
2 - 0% - 40%
44 Defense
1 - 0% - 60%
2 - 0% - 40%
Last Minute Offensive  - 0:00
Last Minute Defensive  - 0:00
Total
Forward - 60:00
Defense - 60:00

Play-by-Play

1st period


0:01 of 1st period - Patrick Brown wins face-off versus Colin Blackwell in neutral zone.
0:04 of 1st period - Ryan Murphy is hit by Ian McCoshen and loses puck.
0:28 of 1st period - Slapshot by Saku Maenalanen.
0:28 of 1st period - Shot Blocked by Cal Foote.
0:30 of 1st period - Slapshot by Ian McCoshen.
0:30 of 1st period - Shot Misses the Net.
0:40 of 1st period - Snap shot by Joel L'Esperance.
0:40 of 1st period - Deflect By Saku Maenalanen.
0:40 of 1st period - Shot Blocked by Derrick Pouliot.
0:40 of 1st period - Puck is out of play.
0:41 of 1st period - Phil Varone wins face-off versus Mitchell Stephens in Texas Stars zone.
0:48 of 1st period - Snap shot by Phil Varone.
0:48 of 1st period - Shot Misses the Net.
0:50 of 1st period - Snap shot by Phil Varone.
0:50 of 1st period - Stopped by Michael McNiven with a rebound.
0:52 of 1st period - Slapshot by Cale Fleury.
0:52 of 1st period - Shot Blocked by Lawrence Pilut.
0:54 of 1st period - Slapshot by Michael Dal Colle.
0:54 of 1st period - Shot Misses the Net.
0:56 of 1st period - Snap shot by Tobias Lindberg.
0:56 of 1st period - Stopped by Michael McNiven without a rebound.
0:57 of 1st period - Travis Morin wins face-off versus Joseph Cramarossa in Chicago Wolves zone.
1:08 of 1st period - Snap shot by Hudson Fasching.
1:08 of 1st period - Stopped by Malcolm Subban with a rebound.
1:10 of 1st period - Snap shot by Doyle Somerby.
1:10 of 1st period - Shot Misses the Net.
1:12 of 1st period - Backhand shot by Doyle Somerby.
1:12 of 1st period - Stopped by Malcolm Subban without a rebound.
1:13 of 1st period - Patrick Brown wins face-off versus Luke Johnson in Texas Stars zone.
1:14 of 1st period - Wrist shot by Adam Helewka.
1:14 of 1st period - Shot Misses the Net.
1:27 of 1st period - Penalty Shot by Hudson Fasching for Chicago Wolves.
1:27 of 1st period - Deke by Hudson Fasching.
1:27 of 1st period - Stopped by Malcolm Subban.
1:28 of 1st period - Colin Blackwell wins face-off versus Mitchell Stephens in Chicago Wolves zone.
1:36 of 1st period - Slapshot by Colin Blackwell.
1:36 of 1st period - Stopped by Michael McNiven without a rebound.
1:37 of 1st period - Colin Blackwell wins face-off versus Wayne Simpson in Chicago Wolves zone.
2:06 of 1st period - Ryan Murphy and Mitchell Stephens fight to a draw.
2:06 of 1st period - Penalty to Ryan Murphy for Fighting.
2:06 of 1st period - Penalty to Mitchell Stephens for Fighting.
2:07 of 1st period - Patrick Brown wins face-off versus Phil Varone in Chicago Wolves zone.
2:23 of 1st period - Snap shot by Phil Varone.
2:23 of 1st period - Shot Misses the Net.
3:05 of 1st period - Wrist shot by Danick Martel.
3:05 of 1st period - Stopped by Michael McNiven with a rebound.
3:07 of 1st period - Slapshot by Derrick Pouliot.
3:07 of 1st period - Stopped by Michael McNiven with a rebound.
3:41 of 1st period - Snap shot by Adam Johnson.
3:41 of 1st period - Shot Misses the Net.
3:45 of 1st period - Wrist shot by Adam Johnson.
3:45 of 1st period - Stopped by Malcolm Subban with a rebound.
4:13 of 1st period - Slapshot by Michael Dal Colle.
4:13 of 1st period - Deflect By Philippe Myers.
4:13 of 1st period - Stopped by Michael McNiven with a rebound.
4:15 of 1st period - Slapshot by Juuso Riikola.
4:15 of 1st period - Shot Misses the Net.
4:27 of 1st period - Slapshot by Joel L'Esperance.
4:27 of 1st period - Deflect By Adam Johnson.
4:27 of 1st period - Stopped by Malcolm Subban with a rebound.
5:03 of 1st period - Lawrence Pilut is hit by Cal Foote and loses puck.
5:44 of 1st period - Doyle Somerby is hit by Danick Martel and loses puck.
6:19 of 1st period - Ian McCoshen is hit by Luke Johnson and loses puck.
7:11 of 1st period - Mitchell Stephens is hit by Cale Fleury and loses puck.
8:10 of 1st period - Snap shot by Mikhail Vorobyev.
8:10 of 1st period - Stopped by Malcolm Subban with a rebound.
8:34 of 1st period - Brad Hunt is hit by Adam Johnson.
8:40 of 1st period - Slapshot by Michael Dal Colle.
8:40 of 1st period - Shot Misses the Net.
10:03 of 1st period - Slapshot by Mitchell Stephens.
10:03 of 1st period - Stopped by Malcolm Subban with a rebound.
11:24 of 1st period - Off-side.
11:25 of 1st period - Adam Johnson wins face-off versus Joseph Cramarossa in neutral zone.
11:42 of 1st period - Saku Maenalanen is hit by Joseph Cramarossa and loses puck.
12:08 of 1st period - Aaron Ness is hit by Michael Dal Colle.
12:18 of 1st period - Connor Brickley is hit by C.J. Smith and loses puck.
12:51 of 1st period - Wrist shot by Patrick Brown.
12:51 of 1st period - Stopped by Malcolm Subban without a rebound.
12:52 of 1st period - Patrick Brown wins face-off versus Phil Varone in Texas Stars zone.
12:53 of 1st period - Slapshot by Hudson Fasching.
12:53 of 1st period - Shot Misses the Net.
12:55 of 1st period - Snap shot by Patrick Brown.
12:55 of 1st period - Shot Misses the Net.
12:57 of 1st period - Snap shot by Patrick Brown.
12:57 of 1st period - Goal by Patrick Brown - Chicago Wolves : 1 - Texas Stars : 0.
12:58 of 1st period - Colin Blackwell wins face-off versus Patrick Brown in neutral zone.
13:11 of 1st period - Wrist shot by Adam Helewka.
13:11 of 1st period - Stopped by Malcolm Subban with a rebound.
13:13 of 1st period - Snap shot by Hudson Fasching.
13:13 of 1st period - Stopped by Malcolm Subban without a rebound.
13:14 of 1st period - Patrick Brown wins face-off versus Luke Johnson in Texas Stars zone.
13:21 of 1st period - Wrist shot by Adam Helewka.
13:21 of 1st period - Stopped by Malcolm Subban with a rebound.
13:23 of 1st period - Slapshot by Ian McCoshen.
13:23 of 1st period - Deflect By Adam Helewka.
13:23 of 1st period - Stopped by Malcolm Subban without a rebound.
13:24 of 1st period - Luke Johnson wins face-off versus Patrick Brown in Texas Stars zone.
13:29 of 1st period - Wrist shot by Josh Currie.
13:29 of 1st period - Shot Misses the Net.
13:49 of 1st period - Snap shot by Luke Johnson.
13:49 of 1st period - Stopped by Michael McNiven with a rebound.
13:59 of 1st period - Wrist shot by Adam Helewka.
13:59 of 1st period - Shot Blocked by Derrick Pouliot.
14:01 of 1st period - Snap shot by Adam Helewka.
14:01 of 1st period - Stopped by Malcolm Subban with a rebound.
14:03 of 1st period - Snap shot by Philippe Myers.
14:03 of 1st period - Stopped by Malcolm Subban with a rebound.
14:17 of 1st period - Snap shot by Adam Helewka.
14:17 of 1st period - Stopped by Malcolm Subban without a rebound.
14:18 of 1st period - Colin Blackwell wins face-off versus Wayne Simpson in Texas Stars zone.
14:23 of 1st period - Connor Brickley is hit by Mitchell Stephens and loses puck.
14:44 of 1st period - Phil Varone is hit by Saku Maenalanen and loses puck.
14:53 of 1st period - Slapshot by Cale Fleury.
14:53 of 1st period - Stopped by Michael McNiven with a rebound.
14:55 of 1st period - Slapshot by Tobias Lindberg.
14:55 of 1st period - Shot Misses the Net.
15:05 of 1st period - Slapshot by Brad Hunt.
15:05 of 1st period - Stopped by Michael McNiven with a rebound.
15:22 of 1st period - Slapshot by Saku Maenalanen.
15:22 of 1st period - Shot Misses the Net.
15:24 of 1st period - Snap shot by Saku Maenalanen.
15:24 of 1st period - Shot Misses the Net.
15:26 of 1st period - Snap shot by Adam Johnson.
15:26 of 1st period - Shot Misses the Net.
15:28 of 1st period - Backhand shot by Calle Rosen.
15:28 of 1st period - Shot Misses the Net.
15:30 of 1st period - Wrist shot by Joel L'Esperance.
15:30 of 1st period - Deflect By Adam Johnson.
15:30 of 1st period - Stopped by Malcolm Subban with a rebound.
15:45 of 1st period - Snap shot by Saku Maenalanen.
15:45 of 1st period - Shot Blocked by Joshua Jacobs.
15:47 of 1st period - Snap shot by Lawrence Pilut.
15:47 of 1st period - Stopped by Malcolm Subban without a rebound.
15:48 of 1st period - Patrick Brown wins face-off versus Colin Blackwell in Texas Stars zone.
16:21 of 1st period - Icing by Cale Fleury.
16:22 of 1st period - Luke Johnson wins face-off versus Mitchell Stephens in Texas Stars zone.
17:28 of 1st period - Wrist shot by Michael Dal Colle.
17:28 of 1st period - Stopped by Michael McNiven without a rebound.
17:29 of 1st period - Travis Morin wins face-off versus Phil Varone in Chicago Wolves zone.
17:34 of 1st period - Snap shot by Morgan Klimchuk.
17:34 of 1st period - Shot Misses the Net.
19:17 of 1st period - Wrist shot by Josh Currie.
19:17 of 1st period - Goal by Josh Currie - Chicago Wolves : 1 - Texas Stars : 1.
19:18 of 1st period - Colin Blackwell wins face-off versus Patrick Brown in neutral zone.
19:30 of 1st period - Snap shot by Patrick Brown.
19:30 of 1st period - Shot Misses the Net.
19:40 of 1st period - Minor Penalty to Cal Foote for Diving.
19:41 of 1st period - Colin Blackwell wins face-off versus Patrick Brown in Texas Stars zone.
Goals for this period are 1 for Chicago Wolves vs 1 for Texas Stars.
Shots for this period are 17 for Chicago Wolves vs 11 for Texas Stars.

2nd period


0:01 of 2nd period - Patrick Brown wins face-off versus Colin Blackwell in neutral zone.
0:30 of 2nd period - Wrist shot by Wayne Simpson.
0:30 of 2nd period - Deflect By Mitchell Stephens.
0:30 of 2nd period - Stopped by Malcolm Subban with a rebound.
1:40 of 2nd period - Penalty to Cal Foote is over, Cal Foote is back on ice.
1:47 of 2nd period - Snap shot by Derrick Pouliot.
1:47 of 2nd period - Shot Misses the Net.
1:49 of 2nd period - Slapshot by Cale Fleury.
1:49 of 2nd period - Shot Misses the Net.
1:51 of 2nd period - Slapshot by Derrick Pouliot.
1:51 of 2nd period - Stopped by Michael McNiven with a rebound.
1:53 of 2nd period - Slapshot by Spencer Smallman.
1:53 of 2nd period - Deflect By Joseph Cramarossa.
1:53 of 2nd period - Stopped by Michael McNiven with a rebound.
1:55 of 2nd period - Backhand shot by Derrick Pouliot.
1:55 of 2nd period - Stopped by Michael McNiven with a rebound.
1:57 of 2nd period - Slapshot by Cale Fleury.
1:57 of 2nd period - Deflect By Joseph Cramarossa.
1:57 of 2nd period - Stopped by Michael McNiven with a rebound.
2:49 of 2nd period - Doyle Somerby is hit by Phil Varone and loses puck.
3:33 of 2nd period - Lawrence Pilut is hit by Spencer Smallman and loses puck.
3:46 of 2nd period - Joshua Jacobs is hit by Saku Maenalanen and loses puck.
3:57 of 2nd period - Josh Currie is hit by Patrick Brown and loses puck.
5:23 of 2nd period - Doyle Somerby is hit by Spencer Smallman and loses puck.
5:40 of 2nd period - Wayne Simpson is hit by Cale Fleury and loses puck.
5:59 of 2nd period - Lawrence Pilut is hit by Colin Blackwell and loses puck.
6:23 of 2nd period - Juuso Riikola is hit by Hudson Fasching and loses puck.
6:58 of 2nd period - Minor Penalty to Cavan Fitzgerald for Holding.
6:59 of 2nd period - Colin Blackwell wins face-off versus Hudson Fasching in Chicago Wolves zone.
7:11 of 2nd period - Snap shot by Colin Blackwell.
7:11 of 2nd period - Stopped by Michael McNiven with a rebound.
7:13 of 2nd period - Wrist shot by Colin Blackwell.
7:13 of 2nd period - Shot Blocked by Philippe Myers.
7:15 of 2nd period - Wrist shot by Colin Blackwell.
7:15 of 2nd period - Stopped by Michael McNiven without a rebound.
7:16 of 2nd period - Luke Johnson wins face-off versus Hudson Fasching in Chicago Wolves zone.
7:21 of 2nd period - Slapshot by Josh Currie.
7:21 of 2nd period - Goal by Josh Currie - Chicago Wolves : 1 - Texas Stars : 2.
7:22 of 2nd period - Colin Blackwell wins face-off versus Patrick Brown in neutral zone.
7:25 of 2nd period - Snap shot by Colin Blackwell.
7:25 of 2nd period - Stopped by Michael McNiven with a rebound.
8:05 of 2nd period - Snap shot by Saku Maenalanen.
8:05 of 2nd period - Shot Misses the Net.
8:15 of 2nd period - Snap shot by Mitchell Stephens.
8:15 of 2nd period - Shot Misses the Net.
8:17 of 2nd period - Slapshot by Doyle Somerby.
8:17 of 2nd period - Shot Blocked by Cale Fleury.
8:54 of 2nd period - Off-side.
8:55 of 2nd period - Patrick Brown wins face-off versus Connor Brickley in neutral zone.
8:58 of 2nd period - Snap shot by Adam Helewka.
8:58 of 2nd period - Shot Misses the Net.
10:44 of 2nd period - Snap shot by Juuso Riikola.
10:44 of 2nd period - Stopped by Michael McNiven with a rebound.
10:53 of 2nd period - Double Minor Penalty to Doyle Somerby for Slashing.
10:54 of 2nd period - Hudson Fasching wins face-off versus Luke Johnson in Chicago Wolves zone.
11:20 of 2nd period - Philippe Myers is hit by Colin Blackwell and loses puck.
11:35 of 2nd period - Wrist shot by Adam Helewka.
11:35 of 2nd period - Shot Misses the Net.
12:41 of 2nd period - Ryan Murphy is hit by Philippe Myers and loses puck.
13:13 of 2nd period - Adam Johnson is hit by Tobias Lindberg and loses puck.
14:53 of 2nd period - Penalty to Doyle Somerby is over, Doyle Somerby is back on ice.
15:37 of 2nd period - Slapshot by Mitchell Stephens.
15:37 of 2nd period - Stopped by Malcolm Subban without a rebound.
15:38 of 2nd period - Mitchell Stephens wins face-off versus Luke Johnson in Texas Stars zone.
16:06 of 2nd period - Slapshot by Patrick Brown.
16:06 of 2nd period - Shot Blocked by Derrick Pouliot.
16:08 of 2nd period - Backhand shot by Patrick Brown.
16:08 of 2nd period - Stopped by Malcolm Subban with a rebound.
16:40 of 2nd period - Wrist shot by Michael Dal Colle.
16:40 of 2nd period - Shot Misses the Net.
17:32 of 2nd period - Wrist shot by Hudson Fasching.
17:32 of 2nd period - Deflect By Morgan Klimchuk.
17:32 of 2nd period - Stopped by Malcolm Subban with a rebound.
17:48 of 2nd period - Icing by Mitchell Stephens.
17:49 of 2nd period - Mitchell Stephens wins face-off versus Josh Currie in Chicago Wolves zone.
17:59 of 2nd period - Minor Penalty to Mitchell Stephens for Holding.
18:00 of 2nd period - Colin Blackwell wins face-off versus Hudson Fasching in Chicago Wolves zone.
18:04 of 2nd period - Wrist shot by Connor Brickley.
18:04 of 2nd period - Deflect By Philippe Myers.
18:04 of 2nd period - Shot Misses the Net.
18:04 of 2nd period - Puck is out of play.
18:05 of 2nd period - Colin Blackwell wins face-off versus Hudson Fasching in Chicago Wolves zone.
18:08 of 2nd period - Backhand shot by Ryan Murphy.
18:08 of 2nd period - Deflect By Connor Brickley.
18:08 of 2nd period - Stopped by Michael McNiven with a rebound.
18:10 of 2nd period - Slapshot by Cal Foote.
18:10 of 2nd period - Stopped by Michael McNiven with a rebound.
18:12 of 2nd period - Wrist shot by Colin Blackwell.
18:12 of 2nd period - Goal by Colin Blackwell - Chicago Wolves : 1 - Texas Stars : 3.
18:13 of 2nd period - Patrick Brown wins face-off versus Colin Blackwell in neutral zone.
18:15 of 2nd period - Minor Penalty to Ian McCoshen for Hooking.
18:16 of 2nd period - Colin Blackwell wins face-off versus Hudson Fasching in Chicago Wolves zone.
19:28 of 2nd period - Slapshot by Travis Morin.
19:28 of 2nd period - Stopped by Malcolm Subban without a rebound.
19:29 of 2nd period - Travis Morin wins face-off versus Luke Johnson in Texas Stars zone.
19:36 of 2nd period - Philippe Myers is hit by Cal Foote and loses puck.
19:59 of 2nd period - Wrist shot by Mitchell Stephens.
19:59 of 2nd period - Shot Misses the Net.
Goals for this period are 0 for Chicago Wolves vs 2 for Texas Stars.
Shots for this period are 5 for Chicago Wolves vs 12 for Texas Stars.

3rd period


0:01 of 3rd period - Colin Blackwell wins face-off versus Hudson Fasching in neutral zone.
0:04 of 3rd period - Hudson Fasching is hit by Derrick Pouliot and loses puck.
0:15 of 3rd period - Penalty to Ian McCoshen is over, Ian McCoshen is back on ice.
1:48 of 3rd period - Luke Witkowski is hit by Hudson Fasching.
2:06 of 3rd period - Wrist shot by Saku Maenalanen.
2:06 of 3rd period - Shot Misses the Net.
2:08 of 3rd period - Slapshot by Philippe Myers.
2:08 of 3rd period - Shot Blocked by Cal Foote.
2:10 of 3rd period - Snap shot by Adam Johnson.
2:10 of 3rd period - Shot Blocked by Derrick Pouliot.
2:53 of 3rd period - Icing by Joel L'Esperance.
2:54 of 3rd period - Luke Witkowski wins face-off versus Patrick Brown in Chicago Wolves zone.
2:57 of 3rd period - Slapshot by Josh Currie.
2:57 of 3rd period - Stopped by Michael McNiven with a rebound.
2:59 of 3rd period - Slapshot by Brad Hunt.
2:59 of 3rd period - Stopped by Michael McNiven with a rebound.
3:01 of 3rd period - Slapshot by Luke Witkowski.
3:01 of 3rd period - Shot Misses the Net.
3:03 of 3rd period - Slapshot by Brad Hunt.
3:03 of 3rd period - Stopped by Michael McNiven with a rebound.
3:05 of 3rd period - Slapshot by Brad Hunt.
3:05 of 3rd period - Shot Blocked by Philippe Myers.
3:07 of 3rd period - Wrist shot by Josh Currie.
3:07 of 3rd period - Shot Misses the Net.
3:09 of 3rd period - Wrist shot by Josh Currie.
3:09 of 3rd period - Shot Blocked by Ian McCoshen.
3:23 of 3rd period - Snap shot by Adam Helewka.
3:23 of 3rd period - Stopped by Malcolm Subban without a rebound.
3:24 of 3rd period - Mitchell Stephens wins face-off versus Colin Blackwell in Texas Stars zone.
3:25 of 3rd period - Wrist shot by Wayne Simpson.
3:25 of 3rd period - Stopped by Malcolm Subban with a rebound.
3:59 of 3rd period - Wrist shot by Saku Maenalanen.
3:59 of 3rd period - Stopped by Malcolm Subban without a rebound.
4:00 of 3rd period - Colin Blackwell wins face-off versus Patrick Brown in Texas Stars zone.
4:18 of 3rd period - Cal Foote beats up Adam Helewka.
4:18 of 3rd period - Penalty to Cal Foote for Fighting.
4:18 of 3rd period - Penalty to Adam Helewka for Fighting.
4:18 of 3rd period - Penalty to Cal Foote for instigated a fight.
4:18 of 3rd period - Penalty to Cal Foote for instigated and being the aggresor in a fight.
4:18 of 3rd period - Cal Foote is ejected from game.
4:19 of 3rd period - Patrick Brown wins face-off versus Colin Blackwell in neutral zone.
4:35 of 3rd period - Backhand shot by Mikhail Vorobyev.
4:35 of 3rd period - Stopped by Malcolm Subban with a rebound.
6:18 of 3rd period - Penalty to Cal Foote is over, Phil Varone is send on ice.
6:58 of 3rd period - Wayne Simpson is hit by Michael Dal Colle.
7:37 of 3rd period - Michael Dal Colle is hit by Cavan Fitzgerald and loses puck.
8:08 of 3rd period - Minor Penalty to Connor Brickley for Tripping.
8:09 of 3rd period - Mitchell Stephens wins face-off versus Colin Blackwell in Texas Stars zone.
8:14 of 3rd period - Snap shot by Wayne Simpson.
8:14 of 3rd period - Shot Blocked by Luke Johnson.
9:18 of 3rd period - Penalty to Cal Foote is over, Tobias Lindberg is send on ice.
9:28 of 3rd period - Slapshot by Derrick Pouliot.
9:28 of 3rd period - Shot Misses the Net.
9:32 of 3rd period - Snap shot by Luke Johnson.
9:32 of 3rd period - Stopped by Michael McNiven with a rebound.
9:34 of 3rd period - Snap shot by Joshua Jacobs.
9:34 of 3rd period - Shot Misses the Net.
9:36 of 3rd period - Slapshot by Joshua Jacobs.
9:36 of 3rd period - Stopped by Michael McNiven with a rebound.
10:08 of 3rd period - Penalty to Connor Brickley is over, Connor Brickley is back on ice.
10:18 of 3rd period - Snap shot by Danick Martel.
10:18 of 3rd period - Shot Misses the Net.
10:20 of 3rd period - Snap shot by Danick Martel.
10:20 of 3rd period - Stopped by Michael McNiven with a rebound.
10:22 of 3rd period - Wrist shot by Danick Martel.
10:22 of 3rd period - Stopped by Michael McNiven without a rebound.
10:23 of 3rd period - Adam Johnson wins face-off versus Danick Martel in Chicago Wolves zone.
10:32 of 3rd period - Slapshot by Saku Maenalanen.
10:32 of 3rd period - Shot Misses the Net.
11:02 of 3rd period - Snap shot by Spencer Smallman.
11:02 of 3rd period - Stopped by Michael McNiven with a rebound.
11:18 of 3rd period - Slapshot by Juuso Riikola.
11:18 of 3rd period - Shot Blocked by Wayne Simpson.
11:26 of 3rd period - Wrist shot by Joseph Cramarossa.
11:26 of 3rd period - Goal by Joseph Cramarossa - Chicago Wolves : 1 - Texas Stars : 4.
11:27 of 3rd period - Patrick Brown wins face-off versus Colin Blackwell in neutral zone.
11:38 of 3rd period - Wrist shot by Adam Helewka.
11:38 of 3rd period - Stopped by Malcolm Subban with a rebound.
11:40 of 3rd period - Slapshot by Ian McCoshen.
11:40 of 3rd period - Shot Misses the Net.
11:42 of 3rd period - Wrist shot by Ian McCoshen.
11:42 of 3rd period - Shot Misses the Net.
11:44 of 3rd period - Wrist shot by Ian McCoshen.
11:44 of 3rd period - Stopped by Malcolm Subban with a rebound.
12:27 of 3rd period - Off-side.
12:28 of 3rd period - Patrick Brown wins face-off versus Luke Witkowski in neutral zone.
12:30 of 3rd period - Off-side.
12:31 of 3rd period - Patrick Brown wins face-off versus Luke Johnson in neutral zone.
13:01 of 3rd period - Wrist shot by Wayne Simpson.
13:01 of 3rd period - Shot Blocked by Derrick Pouliot.
13:03 of 3rd period - Wrist shot by Wayne Simpson.
13:03 of 3rd period - Shot Misses the Net.
13:05 of 3rd period - Snap shot by Mitchell Stephens.
13:05 of 3rd period - Goal by Mitchell Stephens - Chicago Wolves : 2 - Texas Stars : 4.
13:06 of 3rd period - Colin Blackwell wins face-off versus Patrick Brown in neutral zone.
13:08 of 3rd period - Off-side.
13:09 of 3rd period - Patrick Brown wins face-off versus Colin Blackwell in neutral zone.
13:50 of 3rd period - C.J. Smith is hit by Luke Johnson and loses puck.
13:57 of 3rd period - Slapshot by Ian McCoshen.
13:57 of 3rd period - Stopped by Malcolm Subban with a rebound.
14:03 of 3rd period - Backhand shot by Mitchell Stephens.
14:03 of 3rd period - Shot Misses the Net.
14:05 of 3rd period - Wrist shot by Philippe Myers.
14:05 of 3rd period - Shot Misses the Net.
14:07 of 3rd period - Wrist shot by C.J. Smith.
14:07 of 3rd period - Shot Misses the Net.
14:09 of 3rd period - Slapshot by Ian McCoshen.
14:09 of 3rd period - Deflect By Brad Hunt.
14:09 of 3rd period - Stopped by Malcolm Subban with a rebound.
14:11 of 3rd period - Wrist shot by Ian McCoshen.
14:11 of 3rd period - Deflect By C.J. Smith.
14:11 of 3rd period - Shot Misses the Net.
14:11 of 3rd period - Puck is out of play.
14:12 of 3rd period - Patrick Brown wins face-off versus Colin Blackwell in Texas Stars zone.
14:33 of 3rd period - Minor Penalty to Lawrence Pilut for Roughing.
14:34 of 3rd period - Colin Blackwell wins face-off versus Hudson Fasching in Chicago Wolves zone.
14:35 of 3rd period - Wrist shot by Connor Brickley.
14:35 of 3rd period - Goal by Connor Brickley - Chicago Wolves : 2 - Texas Stars : 5.
14:36 of 3rd period - Colin Blackwell wins face-off versus Patrick Brown in neutral zone.
14:50 of 3rd period - Snap shot by Patrick Brown.
14:50 of 3rd period - Shot Misses the Net.
15:02 of 3rd period - Wayne Simpson is hit by Tobias Lindberg and loses puck.
15:48 of 3rd period - Off-side.
15:49 of 3rd period - Travis Morin wins face-off versus Colin Blackwell in neutral zone.
15:56 of 3rd period - Slapshot by Doyle Somerby.
15:56 of 3rd period - Shot Blocked by Ryan Murphy.
15:58 of 3rd period - Wrist shot by Hudson Fasching.
15:58 of 3rd period - Stopped by Malcolm Subban with a rebound.
16:02 of 3rd period - Snap shot by Hudson Fasching.
16:02 of 3rd period - Shot Misses the Net.
16:38 of 3rd period - Snap shot by Hudson Fasching.
16:38 of 3rd period - Shot Blocked by Juuso Riikola.
16:43 of 3rd period - Icing by Michael Dal Colle.
16:44 of 3rd period - Phil Varone wins face-off versus Patrick Brown in Texas Stars zone.
17:22 of 3rd period - Slapshot by Phil Varone.
17:22 of 3rd period - Stopped by Michael McNiven with a rebound.
17:24 of 3rd period - Slapshot by Tobias Lindberg.
17:24 of 3rd period - Stopped by Michael McNiven with a rebound.
17:26 of 3rd period - Wrist shot by Michael Dal Colle.
17:26 of 3rd period - Shot Blocked by Ian McCoshen.
17:28 of 3rd period - Snap shot by Phil Varone.
17:28 of 3rd period - Stopped by Michael McNiven with a rebound.
18:01 of 3rd period - Minor Penalty to Tobias Lindberg for Hooking.
18:02 of 3rd period - Colin Blackwell wins face-off versus Patrick Brown in Texas Stars zone.
19:18 of 3rd period - 10 Minutes Misconduct Penalty to Cal Foote is over.
19:24 of 3rd period - Connor Brickley is hit by Adam Johnson and loses puck.
Goals for this period are 1 for Chicago Wolves vs 2 for Texas Stars.
Shots for this period are 10 for Chicago Wolves vs 13 for Texas Stars.